 Dungeon Crawl Stone Soup version 0.21-a0-518-g43a1781 (webtiles) character file.

17 tof the Grasshopper (level 2, -1/19 HPs)
             Began as a Halfling Warper on Dec 4, 2017.
             Succumbed to a kobold's poison
             ... on level 1 of the Dungeon.
             The game lasted 00:02:22 (608 turns).

tof the Grasshopper (Halfling Warper)                Turns: 608, Time: 00:02:23

Health: -1/19      AC:  3    Str: 12    XL:     2   Next: 80%
Magic:  4/4        EV: 14    Int: 11    God:
Gold:   16         SH:  0    Dex: 13    Spells: 4/4 levels left

rFire    . . .     SeeInvis .   i - +0 dagger (vamp)
rCold    . . .     Gourm    .   (shield restricted)
rNeg     . . .     Faith    .   b - +0 leather armour
rPois    .         Spirit   .   (no helmet)
rElec    .         Reflect  .   (no cloak)
rCorr    .         Harm     .   (no gloves)
MR       .....                  (no boots)
Stlth    +.........             (no amulet)
HPRegen  0.06/turn              (no ring)
MPRegen  0.09/turn              (no ring)

@: lethally poisoned (-1 -> -36)
A: small, mutation resistance 1
a: no special abilities


You were on level 1 of the Dungeon.
You were not hungry.

You visited 1 branch of the dungeon, and saw 1 of its levels.

You collected 16 gold pieces.

Inventory:

Hand Weapons
 a - a +0 short sword
 i - a +0 vampiric dagger (weapon)
Missiles
 e - 5 tomahawks of dispersal (quivered)
Armour
 b - a +0 leather armour (worn)
Scrolls
 d - a scroll of blinking
 f - a scroll of identify {unknown}
 g - a scroll of amnesia {unknown}
Books
 c - a book of Spatial Translocations

   Spells                             Type                      Level
   a - Blink                          Translocation                2
   b - Shroud of Golubria             Charms/Translocation         2
   c - Lesser Beckoning               Translocation                3
   d - Gell's Gravitas                Translocation                3
   e - Teleport Other                 Translocation                3
   f - Passage of Golubria            Translocation                4
Comestibles
 h - 3 chunks of flesh


   Skills:
 + Level 2.0 Fighting
 + Level 2.7 Short Blades
 + Level 1.2 Throwing
 + Level 1.5 Armour
 + Level 2.4 Dodging
 + Level 1.7 Spellcasting
   Level 3.2 Translocations


You had 4 spell levels left.
You didn't know any spells.

Dungeon Overview and Level Annotations

Branches:
Dungeon (1/15)

Altars:


Innate Abilities, Weirdness & Mutations

You are small and have problems with some larger weapons.
You are somewhat resistant to further mutation.


Message History

You closely miss the jackal.
The jackal is lightly wounded.
You feel sick. The jackal barely misses you.
The kobold hits you with a dagger of venom.
You are more poisoned.
You hit the jackal.
You feel better.
The jackal is almost dead.
You feel sick.
The jackal bites you but does no damage.
The kobold hits you but does no damage.
You are more poisoned.
You hit the jackal.
You feel better.
You kill the jackal!
You feel sick.
* * * LOW HITPOINT WARNING * * *
You feel very sick.
You see here a jackal corpse.
* * * LOW HITPOINT WARNING * * *
You feel very sick.
You die...

..... .... #..# #
#..## #. #...#
##.#####.#.# #
##......#K#.##.#
#.......#......##
#........@.......
#...........#.###
#..#....###.# #
#.......##..# #
#.......##.##.#
#######.#...#.#
#.......#
###...#########.).#
#.........##......


You could see a kobold.

Vanquished Creatures
  A leopard gecko (D:1)
  A goblin (D:1)
  A hobgoblin (D:1)
  5 jackals (D:1)
  3 bats (D:1)
  2 frilled lizards (D:1)
  3 rats (D:1)
16 creatures vanquished.

Notes
Turn   | Place    | Note
-------+----------+-------------------------------------------
     0 | D:1      | tof the Halfling Warper began the quest for the Orb.
     0 | D:1      | Reached XP level 1. HP: 14/14 MP: 3/3
   187 | D:1      | Reached XP level 2. HP: 14/19 MP: 4/4
   608 | D:1      | Succumbed to a kobold's poison

Vault maps used:
D:1:      lightli_arrival_statue_moat

Skill      XL: |  1  2 |
---------------+-------+-----
Fighting       | 2 |  2.0
Short Blades   | |  2.7
Throwing       | |  1.2
Armour         | |  1.5
Dodging        | |  2.4
Spellcasting   | |  1.7
Translocations | |  3.2

Action                   || total
-------------------------++-------
Melee: Short sword       ||    52
       Dagger            ||    22
  Eat: Bread ration      ||     1
Armor: Leather armour    ||    21
Dodge: Dodged            ||    68

Table legend:
 A = Spawn XP
 B = Non-spawn XP
 C = Spawn XP percentage of total XP
 D = Spawn monster count
 E = Non-spawn monster count
 F = Spawn count percentage of total count
 G = Total turns spent on level
                    A         B        C        D         E        F      G
               +---------+---------+-------+---------+---------+-------+---------
         Total |       0 |      25 |   0.0 |       0 |      16 |   0.0 |   608
               +---------+---------+-------+---------+---------+-------+---------
           D:1 |       0 |      25 |   0.0 |       0 |      16 |   0.0 |   608
               +---------+---------+-------+---------+---------+-------+---------
